 Dungeon Crawl Stone Soup version 0.25-a0-1071-g2607d5cfa1 (webtiles) character file.

Game seed: 11162503372733088950, levelgen mode: deterministic

1731 Essalna the Geomancer (level 9, -1/48 HPs)
             Began as a Gargoyle Earth Elementalist on May 14, 2020.
             Was a Believer of Vehumet.
             Slain by an iguana (7 damage)
             ... on level 7 of the Dungeon.
             The game lasted 00:19:04 (7352 turns).

Essalna the Geomancer (Gargoyle Earth Elementalist) Turns: 7352, Time: 00:19:04

Health: -1/48      AC: 19    Str: 13    XL:     9   Next: 5%
Magic:  17/17      EV:  6    Int: 29    God:    Vehumet [**....]
Gold:   236        SH:  0    Dex: 12    Spells: 13/19 levels left

rFire    . . .     SeeInvis .   o - +2 hand axe (venom)
rCold    . . .     Gourm    .   (no shield)
rNeg     + . .     Faith    .   D - +0 chain mail of the Camelopard {Int+3} (curse)
rPois    ∞         Spirit   .   (no helmet)
rElec    +         Reflect  .   H - +0 cloak
rCorr    +         Harm     .   e - +0 pair of gloves
MR       .....                  v - +0 pair of boots
Stlth    ..........             q - amulet of magic regeneration
HPRegen  0.16/turn              s - +6 ring of intelligence
MPRegen  0.40/turn              G - ring of resist corrosion

@: no status effects
A: agile 1, frail 1, negative energy resistance 1, electricity resistance,
strong 1, unbreathing, petrification resistance, rot immunity, MP-powered wands,
AC +6
a: Renounce Religion


You were on level 7 of the Dungeon.
You worshipped Vehumet.
Vehumet was pleased with you.
You were not hungry.

You visited 1 branch of the dungeon, and saw 7 of its levels.

You collected 236 gold pieces.

Inventory:

Hand Weapons
 g - a +0 dagger
 o - a +2 hand axe of venom (weapon)
Missiles
 b - 138 stones (quivered)
Armour
 c - a +0 robe
 e - a +0 pair of gloves (worn)
 p - a +0 scale mail
 u - a +0 ring mail
 v - a +0 pair of boots (worn)
 D - the cursed +0 chain mail of the Camelopard (worn) {Int+3}
   (You found it on level 5 of the Dungeon)

   It affects your intelligence (+3).
   It has a curse placed upon it.
 H - a +0 cloak (worn)
Jewellery
 q - an amulet of magic regeneration (around neck)
 s - a +6 ring of intelligence (left hand)
 t - a cursed amulet of inaccuracy {unknown}
 y - an uncursed ring of flight
 G - a ring of resist corrosion (right hand)
Wands
 z - a wand of flame (13)
 C - a wand of digging (4)
Scrolls
 a - 6 scrolls of identify
 h - 4 scrolls of remove curse {unknown}
 k - 2 scrolls of amnesia {unknown}
 l - a scroll of teleportation {unknown}
 n - a scroll of noise {unknown}
 r - 2 scrolls of enchant weapon {unknown}
 w - a scroll of immolation {unknown}
 x - 2 scrolls of fear {unknown}
 B - a scroll of enchant armour {unknown}
 E - a scroll of fog {unknown}
Potions
 f - 2 potions of curing
 i - a potion of cancellation {unknown}
 j - 2 potions of might
 A - 2 potions of heal wounds {unknown}
Comestibles
 d - 15 rations


   Skills:
 + Level 5.3 Fighting
 + Level 5.2 Armour
 - Level 1.5 Dodging
 - Level 2.1 Stealth
 + Level 5.9 Spellcasting
 - Level 0.7 Transmutations
 + Level 8.2 Earth Magic


You had 13 spell levels left.
You knew the following spells:

 Your Spells              Type           Power        Failure   Level  Hunger
a - Sandblast             Erth           ######       4%          1    None
b - Passwall              Tmut/Erth      ####....     34%         2    None
c - Stone Arrow           Conj/Erth      ####..       61%         3    None

Your spell library contained the following spells:

 Spells                   Type           Power        Failure   Level  Hunger
 Searing Ray              Conj           #.....       91%         2    None
 Lee's Rapid Deconstruct  Erth           ######....   80%         5    #####..
 Petrify                  Tmut/Erth      ####....     92%         4    ###....
 Conjure Flame            Conj/Fire      #.......     99%         3    None
 Mephitic Cloud           Conj/Pois/Air  #.......     99%         3    None
 Conjure Ball Lightning   Conj/Air       #.........   100%        6    ######.


Dungeon Overview and Level Annotations

Branches:
Dungeon (7/15)             Temple (0/1) D:5

Altars:
Dithmenos
Fedhas
Okawaru
Qazlal
Ru
Uskayaw
Vehumet
Wu Jian
Xom
Yredelemnul
Zin


Innate Abilities, Weirdness & Mutations

You are resistant to torment.
Your stone body is resilient. (AC +6)
You are immune to poison.
You resist negative energy. (rN+)
You are resistant to electric shocks. (rElec)
You can survive without breathing.
You are immune to petrification.
You are immune to rotting.
You are agile. (Dex +2)
You are frail. (-10% HP)
Your muscles are strong. (Str +2)
You expend magic power (3 MP) to strengthen your wands.


Message History

The orc warrior is severely wounded.
You barely miss the orc priest.
The orc priest calls upon Beogh to heal the orc warrior.
The orc warrior is healed somewhat.
The orc warrior closely misses you.
The orc priest invokes the aid of Beogh against you.
Beogh smites you!
* * * LOW HITPOINT WARNING * * *
Your chain mail of the Camelopard prevents you from hitting the orc warrior.
The orc warrior is heavily wounded.
You closely miss the orc priest.
You kill the orc priest!
Vehumet accepts your kill.
The orc warrior hits you with a +2 scimitar of protection!
* * * LOW HITPOINT WARNING * * *
You hit the orc warrior.
The orc warrior looks as sick as possible!
The orc warrior is severely wounded.
You hit the iguana but do no damage.
The iguana is poisoned.
The iguana bites you!
You die...

#+# #...# .#
..##...####.#
............
...
...........
... ........
.... .....
..... #ol#
.....###@)###
............#
............#
............#
........<...#
............+
#############


You could see an orc warrior (extremely poisoned) and an iguana (very poisoned).

Vanquished Creatures
  A black bear (D:3)
  3 ogres
  A gnoll sergeant (D:5)
  6 killer bees (D:6)
  A howler monkey (D:6)
  2 crimson imps (D:5)
  A bullfrog zombie (D:5)
  2 hounds
  6 orc priests
  5 orc wizards
  A centaur skeleton (D:4)
  An iguana (D:5)
  Terence (D:3)
  5 worker ants
  A hound zombie (D:6)
  A worker ant zombie (D:6)
  10 adders
  10 gnolls
  A shadow imp (D:6)
  An ooze (D:6)
  4 worms
  2 dart slugs
  5 leopard geckos
  19 orcs
  7 bats
  4 giant cockroaches
  6 goblins
  12 hobgoblins
  8 jackals
  2 quokkas
  3 frilled lizards
  A jackal skeleton (D:6)
  3 kobolds
  8 rats
144 creatures vanquished.

Notes
Turn   | Place    | Note
-------+----------+-------------------------------------------
     0 | D:1      | Essalna the Gargoyle Earth Elementalist began the quest for
                  | the Orb.
     0 | D:1      | Reached XP level 1. HP: 10/10 MP: 3/3
   516 | D:1      | Reached XP level 2. HP: 15/15 MP: 5/5
   558 | D:1      | Reached skill level 4 in Earth Magic
   802 | D:1      | Learned a level 2 spell: Passwall
  1101 | D:2      | Reached XP level 3. HP: 19/19 MP: 2/6
  1106 | D:2      | Learned a level 3 spell: Stone Arrow
  1550 | D:2      | Found a basalt altar of Yredelemnul.
  1553 | D:2      | Found an ornate altar of the Wu Jian Council.
  1559 | D:2      | Found a stormy altar of Qazlal.
  1604 | D:2      | Reached XP level 4. HP: 21/24 MP: 4/8
  1819 | D:2      | Reached skill level 5 in Earth Magic
  2204 | D:3      | Noticed Terence
  2238 | D:3      | Killed Terence
  2238 | D:3      | Reached XP level 5. HP: 21/28 MP: 0/10
  2543 | D:3      | Reached skill level 1 in Fighting
  2543 | D:3      | Reached skill level 1 in Armour
  3164 | D:3      | Noticed a black bear
  3172 | D:3      | Killed a black bear
  3172 | D:3      | Reached XP level 6. HP: 19/35 MP: 10/12
  3456 | D:3      | Reached skill level 6 in Earth Magic
  3609 | D:3      | Found a faded altar of an unknown god.
  4001 | D:4      | Found a radiant altar of Vehumet.
  4011 | D:4      | Became a worshipper of Vehumet
  4175 | D:4      | Reached XP level 7. HP: 24/40 MP: 13/13
  4524 | D:5      | Entered Level 5 of the Dungeon
  4723 | D:5      | Found a hide-covered altar of Uskayaw.
  4822 | D:5      | Reached * piety under Vehumet
  4822 | D:5      | Offered knowledge of Shock by Vehumet.
  4877 | D:5      | Got a pitted chain mail
  4888 | D:5      | Identified the cursed +0 chain mail of the Camelopard
                  | {Int+3} (You found it on level 5 of the Dungeon)
  5219 | D:5      | Reached skill level 7 in Earth Magic
  5219 | D:5      | Reached XP level 8. HP: 43/48 MP: 15/15
  5335 | D:5      | Reached skill level 5 in Spellcasting
  5640 | D:5      | Found a staircase to the Ecumenical Temple.
  6131 | D:6      | Found a blossoming altar of Fedhas.
  6375 | D:6      | Found a hide-covered altar of Uskayaw.
  6532 | D:6      | Reached ** piety under Vehumet
  6670 | D:6      | Found a sacrificial altar of Ru.
  6672 | D:6      | Found a shimmering altar of Xom.
  6672 | D:6      | Found an iron altar of Okawaru.
  6674 | D:6      | Found a radiant altar of Vehumet.
  6674 | D:6      | Found a glowing silver altar of Zin.
  6674 | D:6      | Found a radiant altar of Vehumet.
  6805 | D:6      | Offered knowledge of Searing Ray by Vehumet.
  6811 | D:6      | Reached skill level 5 in Fighting
  6816 | D:6      | Gained mutation: Your muscles are strong. (Str +2) [potion
                  | of mutation]
  6816 | D:6      | Gained mutation: You are frail. (-10% HP) [potion of
                  | mutation]
  6816 | D:6      | Gained mutation: You expend magic power (3 MP) to
                  | strengthen your wands. [potion of mutation]
  6816 | D:6      | Gained mutation: You are agile. (Dex +2) [potion of
                  | mutation]
  6825 | D:6      | Reached skill level 5 in Armour
  6825 | D:6      | Reached skill level 8 in Earth Magic
  6833 | D:6      | Reached XP level 9. HP: 9/48 MP: 17/17
  6844 | D:6      | HP: 1/48 [hound zombie (3)]
  7129 | D:6      | Found a shadowy altar of Dithmenos.
  7139 | D:6      | Identified Nitegem's Guide on Harmful Poison
  7352 | D:7      | Slain by an iguana

Illustrated notes

Levels and vault maps discovered:
D:1:      minmay_arrival_up_and_down, layout_loops_ring
D:2:      layout_basic, grunt_temple_overflow_diamond
D:3:      layout_basic, chequers_ecumenical_altar_grove, minivault_14,
          kennysheep_generic_room_14, uniq_terence
D:4:      layout_cave_pools, vehumet_altar_wand_db
D:5:      layout_cave_pools, temple_doors_ab, first_ration, basic_altar
D:6:      layout_cave_pods, nicolae_overflow_crystal_walls, lemuel_round_altar,
          basic_altar, chequers_garden, doesnt_xom_only_xom
D:7:      layout_gridville, nicolae_alphabet_shops

Skill      XL: |  1  2  3  4  5  6  7  8 |
---------------+-------------------------+-----
Earth Magic    | 4 5 6 7 8 |  8.2
Spellcasting   | 3 4 5 |  5.9
Fighting       | 1 2 3 5 |  5.3
Armour         | 1 2 3 5 |  5.2
Dodging        | |  1.5
Stealth        | |  2.1
Transmutations | |  0.7

Action                   |  1- 3 |  4- 6 |  7- 9 || total
-------------------------+-------+-------+-------++-------
Melee: Dagger            |    86 |    60 |       ||   146
       Hand axe          |       |   110 |   264 ||   374
 Cast: Sandblast         |    17 |    18 |       ||    35
  Use: Scroll            |       |     1 |       ||     1
       Potion            |       |       |     3 ||     3
 Stab: Sleeping          |       |     2 |       ||     2
  Eat: Chunk             |     2 |     9 |     8 ||    19
       Ration            |       |       |     1 ||     1
Armor: Robe              |    20 |    32 |       ||    52
       Ring mail         |       |    47 |    45 ||    92
       Chain mail        |       |       |   187 ||   187
Dodge: Dodged            |    52 |   112 |   131 ||   295

Table legend:
 A = Non-vault XP
 B = Vault XP
 C = Vault XP percentage of total XP
 D = Non-vault monster count
 E = Vault monster count
 F = Vault count percentage of total count
                 A         B        C        D         E       F
            +---------+---------+-------+---------+---------+-------
      Total |    2434 |      39 |   1.6 |     141 |       3 |   2.1
            +---------+---------+-------+---------+---------+-------
        D:1 |      16 |       0 |   0.0 |       8 |       0 |   0.0
        D:2 |     108 |       0 |   0.0 |      26 |       0 |   0.0
        D:3 |     342 |      38 |  10.0 |      32 |       2 |   5.9
        D:4 |     299 |       1 |   0.3 |      16 |       1 |   5.9
        D:5 |     586 |       0 |   0.0 |      19 |       0 |   0.0
        D:6 |     999 |       0 |   0.0 |      38 |       0 |   0.0
        D:7 |      84 |       0 |   0.0 |       2 |       0 |   0.0
            +---------+---------+-------+---------+---------+-------
